[Event "15th Paleochora Open 2022"]
[Site "Paleochora"]
[Date "2022.07.23"]
[Round "8.9"]
[White "Godzwon, Iwo"]
[Black "Yankelevich, Lev"]
[Result "1/2-1/2"]
[ECO "C77"]
[WhiteElo "2336"]
[BlackElo "2496"]
[Annotator "TA"]
[PlyCount "100"]
[EventDate "2022.07.17"]
[EventType "swiss"]
[EventCountry "GRE"]
[SourceTitle "playchess.com"]
[Source "ChessBase"]
[SourceQuality "1"]
[TimeControl "40/5400+30:900+30"]

1. e4 e5 2. Nf3 Nc6 3. Bb5 a6 4. Ba4 Nf6 5. O-O Be7 6. d3 b5 7. Bb3 d6 8. a3 O-O 9. Nc3 Rb8 {C77: Ruy Lopez: 3...a6 4 Ba4 Nf6, unusual lines.} 10. h3 Be6 {10...h6 is setting a new trend.} 11. Nd5 {[#]} Na5 $146 ({Predecessor:} 11... Re8 12. Bd2 Nd7 13. c3 Qc8 14. d4 Na5 15. Bc2 Bxd5 16. exd5 Bf6 17. b3 Nb7 {1-0 (65) Veiga,J (2369)-Fernandes,A (2343) Evora 2021}) 12. Nxf6+ Bxf6 13. Bxe6 fxe6 14. b4 Nc6 15. c3 Qd7 16. a4 a5 17. bxa5 Nxa5 18. axb5 (18. Be3 $5 ) 18... Qxb5 19. Be3 {[#] Threatens to win with c4.} Nc6 20. Qa4 Rfc8 21. d4 Qxa4 22. Rxa4 Ra8 23. Rfa1 Rxa4 24. Rxa4 exd4 25. cxd4 e5 26. d5 Ne7 27. g4 {[#] aiming for g5.} h6 28. h4 Ng6 $1 29. g5 hxg5 30. hxg5 Be7 31. Kg2 Kf7 32. Rc4 Ke8 33. Kg3 Kd7 34. Kg4 Rf8 35. Rc1 Rh8 36. Rg1 Bd8 37. Rg3 Rh1 {The position is equal.} 38. Rg1 Rxg1+ 39. Nxg1 $11 {[%mdl 4096] Endgame KBN-KBN} Ne7 40. Ne2 c6 41. dxc6+ Kxc6 42. f4 exf4 43. Nxf4 g6 44. Bd4 d5 45. exd5+ Nxd5 46. Nxg6 Kd7 47. Nh4 Ke6 48. Nf3 Nf6+ 49. Bxf6 Bxf6 50. gxf6 Kxf6 {Weighted Error Value: White=0.06 (flawless) /Black=0.05 (flawless)} 1/2-1/2

[Event "15th Paleochora Open 2022"]
[Site "Paleochora"]
[Date "2022.07.23"]
[Round "8.10"]
[White "Zakarian, David"]
[Black "Leniart, Arkadiusz"]
[Result "1/2-1/2"]
[ECO "C33"]
[WhiteElo "2300"]
[BlackElo "2473"]
[Annotator "TA"]
[PlyCount "150"]
[EventDate "2022.07.17"]
[EventType "swiss"]
[EventCountry "GRE"]
[SourceTitle "playchess.com"]
[Source "ChessBase"]
[SourceQuality "1"]
[TimeControl "40/5400+30:900+30"]

1. e4 e5 2. f4 exf4 3. Bc4 Nc6 4. d4 Nf6 {[#]} 5. Qd3 $146 ({Predecessor:} 5. Nc3 Bb4 6. Qd3 O-O 7. Nge2 Bxc3+ 8. bxc3 Re8 9. e5 d5 10. Bb5 Ne4 11. Bxf4 Bd7 {0-1 (30) Vlassov,N (2352)-Svidler,P (2723) Chess.com INT 2020}) 5... d5 6. exd5 {C33: King's Gambit Accepted: 3 Nc3 and 3 Bc4.} Nxd5 7. Nf3 Be6 (7... Qe7+ {is more complex.} 8. Kf2 Ne3 9. Bb5 Bf5) 8. a3 {Prevents Ndb4.} (8. O-O $142) 8... g5 $17 {Strongly threatening ...g4.} 9. Bb5 g4 (9... Bg7 $1 $19 10. Nc3 O-O) 10. Ne5 Qh4+ 11. g3 fxg3 12. Qxg3 Qxg3+ 13. hxg3 O-O-O 14. Bxc6 bxc6 15. Nxc6 Re8 {White must now prevent ...Bd7+.} 16. O-O Bd6 (16... h5 $17 {...h4 is the strong threat.} 17. Bg5 Bh6 18. Bxh6 Rxh6) 17. c4 $15 h5 18. cxd5 $14 Bxd5 19. Ne5 h4 $1 20. Nc3 (20. Nxf7 $2 Re2 $1 21. Rf2 hxg3 $1 $19) 20... Bb7 {This bishop pair is nice.} 21. Nxf7 hxg3 22. Nxh8 g2 $2 {[%mdl 8192] [#]} (22... Bc5 $1 $14 23. dxc5 Rxh8 24. Rf8+ (24. c6 Bxc6 25. Rf8+ Rxf8 $16) 24... Rxf8) 23. Rd1 $1 $18 Bf3 {[#]} 24. Bg5 $2 Rxh8 $16 {[#]} 25. Kf2 Rh5 {[#]} 26. Bd2 Rf5 (26... Rh3 27. Ne2) 27. Rg1 $2 (27. Rdc1 $18) 27... Bh2 {[#]} (27... Bd5+ $11 28. Ke2 Bc4+ 29. Kd1 (29. Ke3 {leads to mate.} Rf3+ 30. Ke4 Bd3+ 31. Kd5 Kd7 32. Rxg2 Rf5#) 29... Bb3+ 30. Ke1 Bg3+ 31. Ke2 Bc4+ 32. Kd1 (32. Ke3 $2 Rf3+ 33. Ke4 Bd3+ 34. Kd5 Kd7 $19) 32... Bb3+ 33. Ke2 Bc4+ 34. Kd1 (34. Ke3 $2 Rf3+ 35. Ke4 Bd3+ 36. Kd5 Kd7 $19) 34... Bb3+ 35. Ke2) 28. Ke3 $1 Rh5 {[#]} 29. Kd3 $1 {Threatens to win with Rgc1.} Rh3 (29... Bxg1 30. Rxg1) 30. Be3 c6 $2 (30... Bxg1 {is a better defense.} 31. Rxg1 a5) 31. Kd2 Kd7 (31... Bxg1 $142 32. Bxg1 (32. Rxg1 a5 $18) 32... Kc7) 32. Ne2 (32. Rgc1 $142) 32... Bxg1 $18 33. Rxg1 Rh1 34. Ke1 (34. Nf4 $18) 34... Ke6 $16 35. b3 a5 36. Kf2 Kd5 37. Nc3+ Ke6 38. Nb1 ({White should play} 38. Bf4 $16) 38... Bd5 ({Black should try} 38... Kf5 $14) 39. Nd2 Kf5 40. b4 (40. a4 $1 $14) 40... axb4 $11 {The position is equal.} 41. axb4 Rh3 42. Re1 g3+ 43. Ke2 Kg4 44. Bg1 Rh1 45. Ke3 Rh7 {Hoping for ...Re7+.} 46. Ra1 Re7+ 47. Kd3 Kh3 48. Be3 Kh2 49. Bg1+ Kh3 50. Be3 Rf7 51. Ke2 {Inhibits Rf2+.} Kh2 {And now ...Re7 would win.} 52. Bg1+ Kh3 53. Be3 Kg4 54. Bg1 Rb7 55. Rb1 Re7+ 56. Be3 Rb7 57. Bg1 Re7+ 58. Be3 Bf7 59. Rc1 Kh3 60. Kd3 Bg6+ 61. Ke2 Bh5+ 62. Kd3 $1 Bg6+ 63. Ke2 Bf5 64. Ra1 Bg4+ 65. Kd3 $1 Bf5+ 66. Ke2 Re8 67. Rc1 Bc8 68. Ra1 Bd7 69. Rc1 Bg4+ 70. Kd3 $1 Bf5+ 71. Ke2 Bc8 72. Ra1 Bg4+ 73. Kd3 $1 Bf5+ 74. Ke2 Rb8 75. Rc1 Re8 {Black defended with fortune.  Weighted Error Value: White=0.25 (precise) /Black=0.26 (precise)} 1/2-1/2

[Event "15th Paleochora Open 2022"]
[Site "Paleochora"]
[Date "2022.07.23"]
[Round "8.11"]
[White "Nevednichy, Vladislav"]
[Black "Sotirakis, Konstantinos"]
[Result "1/2-1/2"]
[ECO "C43"]
[WhiteElo "2473"]
[BlackElo "1892"]
[Annotator "TA"]
[PlyCount "122"]
[EventDate "2022.07.17"]
[EventType "swiss"]
[EventCountry "GRE"]
[SourceTitle "playchess.com"]
[Source "ChessBase"]
[SourceQuality "1"]
[TimeControl "40/5400+30:900+30"]

1. e4 {ChessBase} e5 2. Nf3 Nf6 3. d4 Nxe4 4. Bd3 d5 5. Nxe5 Bd6 6. Nc3 Nxc3 {C43: Petroff Defence: 3 d4.} 7. bxc3 Nd7 8. O-O O-O 9. Nxd7 $40 {[%mdl 128] White has some attack.} Qxd7 10. Qh5 g6 11. Qf3 {[#]} Qd8 $146 ({Predecessor:} 11... Re8 12. Bh6 Bf8 13. Bxf8 Rxf8 14. Rfe1 Qc6 15. h4 Qxc3 16. Qxd5 Be6 {½-½ (16) Short,N (2510)-Jussupow,A (2565) Plovdiv 1983 EU-chT [ChessBase]}) 12. Re1 Be6 13. g3 Kg7 14. h4 (14. Rb1 $5 ) 14... Qd7 15. h5 h6 (15... Rfe8 $14) 16. hxg6 $16 fxg6 17. Qe3 Bf5 18. Qxh6+ Kg8 19. Qg5 {White is more active.} c6 (19... Qf7 $142 20. Bf4 Bxd3 21. cxd3 Rad8) 20. Bxf5 $1 Qxf5 21. Qxf5 gxf5 22. Re6 $1 Bc7 {[#]} 23. Ba3 (23. Rb1 $142 $1 Rab8 24. Bg5) 23... Rae8 24. Rae1 Rxe6 25. Rxe6 {[%mdl 4096] Endgame KRB-KRB} Rf7 26. Re8+ Kg7 27. f4 Kf6 28. Bf8 Rh7 29. Kg2 Ba5 30. Bd6 Bxc3 31. Be5+ Kf7 32. Rb8 Ke6 33. Rf8 {And now Rf6+ would win.} Rf7 {Inhibits Rf6+.} 34. Rh8 Bb4 (34... c5 $1 $14) 35. Kf3 c5 36. Rh6+ Kd7 37. Rd6+ Ke7 38. Rxd5 b6 39. g4 fxg4+ 40. Kxg4 cxd4 41. Bxd4 Rf8 42. Rg5 Ke6 (42... Bd2 {is a better defense.}) 43. c3 $18 Bd6 {[#]} 44. f5+ Kd5 45. Rg7 a5 (45... b5 $142) 46. Rb7 ({Not} 46. Bxb6 Be5 47. Rg6 Bxc3 $16) 46... Bc5 47. Bxc5 bxc5 {KR-KR} 48. Ra7 (48. Kf4 $16) 48... Ke4 $11 49. Re7+ Kd3 $1 50. Re5 Rc8 51. f6 Kxc3 $2 (51... a4 $11) 52. Kf5 $2 ({Only move:} 52. f7 $18 {Re8 would kill now.} Rf8 53. Rxc5+ Kb2 54. Rb5+ Ka1 55. Rf5) 52... c4 {The position is equal.} 53. f7 {Threatening mate with Re8.} Rf8 54. Ke6 a4 55. Ke7 Rxf7+ 56. Kxf7 {White wants to mate with Ke6. KR-KPP} Kb2 57. Re2+ Kb1 58. Re4 Kxa2 59. Rxc4 Kb3 60. Rc6 a3 61. Rb6+ Kc2 {Weighted Error Value: White=0.15 (very precise) /Black=0.12 (very precise)} 1/2-1/2

[Event "15th Paleochora Open 2022"]
[Site "Paleochora"]
[Date "2022.07.23"]
[Round "8.12"]
[White "Barbot, Pierre"]
[Black "Alexiadis, Hristos"]
[Result "1/2-1/2"]
[ECO "E15"]
[WhiteElo "2438"]
[BlackElo "2283"]
[Annotator "TA"]
[PlyCount "32"]
[EventDate "2022.07.17"]
[EventType "swiss"]
[EventCountry "GRE"]
[SourceTitle "playchess.com"]
[Source "ChessBase"]
[SourceQuality "1"]
[TimeControl "40/5400+30:900+30"]

1. d4 Nf6 2. Nf3 e6 3. c4 b6 4. g3 Ba6 5. Qb3 Nc6 6. Nbd2 Na5 7. Qc3 {Black must now prevent b4. E15: Queen's Indian: 4 g3 sidelines, 4 g3 Ba6 and 4 g3 Bb7 early deviations.} c5 {Prevents b4.} 8. dxc5 $1 bxc5 9. e4 Bb7 10. e5 $1 Ne4 11. Nxe4 Bxe4 12. Bg2 Be7 13. O-O O-O 14. Re1 f5 {The position is equal.} 15. Be3 Nc6 {[#]} 16. Rad1 $146 ({Predecessor:} 16. Re2 Qc7 17. Rd1 Rad8 18. Bf4 Qb7 19. h4 h6 20. h5 Bg5 21. Rxe4 fxe4 22. Nxg5 hxg5 23. Bxg5 {0-1 (40) Can,E (2469)-Ertan,C (2256) Konya 2012}) 16... Qc7 {A rather calm draw.  Weighted Error Value: White=0.05 (flawless) /Black=0.05 (flawless)} 1/2-1/2

[Event "15th Paleochora Open 2022"]
[Site "Paleochora"]
[Date "2022.07.23"]
[Round "8.13"]
[White "Rahmanidis, Petros"]
[Black "Bernadskiy, Vitaliy"]
[Result "1/2-1/2"]
[ECO "B46"]
[WhiteElo "2191"]
[BlackElo "2610"]
[Annotator "TA"]
[PlyCount "92"]
[EventDate "2022.07.17"]
[EventType "swiss"]
[EventCountry "GRE"]
[SourceTitle "playchess.com"]
[Source "ChessBase"]
[SourceQuality "1"]
[TimeControl "40/5400+30:900+30"]

1. e4 c5 2. Nf3 Nc6 3. d4 cxd4 4. Nxd4 e6 5. Nc3 a6 6. Nxc6 bxc6 7. Bd3 d5 8. Qg4 {B46: Sicilian: Taimanov: 5 Nc3 a6.} Nf6 9. Qg3 g6 10. Bg5 {[#] Black must now prevent exd5.} h6 $146 ({Predecessor:} 10... Be7 11. O-O-O Nh5 12. Bxe7 Qxe7 13. Qe3 Rb8 14. exd5 exd5 15. Qh6 Qb4 16. Rhe1+ Kd8 {½-½ (42) Aizenberg,B (2289)-Dvoirys,S (2452) Israel 2021}) 11. Bxf6 Qxf6 12. Qc7 Bd7 13. exd5 {[#] And now Ne4 would win.} cxd5 (13... Rc8 $5 14. Qa7 cxd5 $15) 14. O-O Rc8 15. Qb7 Qd8 16. Qxa6 ({Don't play} 16. Bxa6 Rb8 17. Qa7 Qb6 18. Qxb6 Rxb6 $17) 16... Bg7 17. Qd6 Bxc3 18. bxc3 Qc7 19. Qxc7 Rxc7 20. a4 Rxc3 21. f4 Ke7 22. a5 g5 23. a6 gxf4 24. Rxf4 ({But not} 24. a7 Ra8 $15) 24... e5 25. Rb4 {[#] aiming for Rb7.} e4 26. a7 Ra8 (26... exd3 $2 27. Rb8 dxc2 28. Rc1 $18) 27. Rb8 Rc8 $1 28. Rxc8 Bxc8 $11 {[%mdl 4096] Endgame KRB-KRB} 29. Bb5 {Threatens to win with Bc6.} Kd6 {Prevents Bc6.} 30. c3 Kc5 31. Be8 Bb7 32. Bxf7 Kc4 $1 33. Ra3 Kd3 34. Bh5 Kc2 35. Bf7 e3 36. Bh5 Kb2 37. Ra5 {Rb5+ is the strong threat.} Kxc3 38. Bf3 Rf8 $1 39. Ra3+ ({Wrong is} 39. Bxd5 $2 Bxd5 40. Rxd5 e2 41. Rc5+ Kd3 $19) 39... Kd4 (39... Kd2 $11 {remains equal.}) 40. Rb3 (40. Kf1 $16) 40... Rf7 $1 $14 41. Ra3 ({White should try} 41. Rb1 $14) 41... Ba8 (41... Rf8 $11 {keeps the balance.}) 42. Kf1 Rb7 43. Ra4+ Kd3 44. Ra3+ Kd4 45. Ra4+ Kd3 $1 {( -> ...Rb1+)} 46. Ra3+ Kd4 {Weighted Error Value: White=0.17 (very precise) /Black=0.13 (very precise)} 1/2-1/2

[Event "15th Paleochora Open 2022"]
[Site "Paleochora"]
[Date "2022.07.23"]
[Round "8.15"]
[White "Santiago, Yago De Moura"]
[Black "Bulmaga, Irina"]
[Result "0-1"]
[ECO "E49"]
[WhiteElo "2513"]
[BlackElo "2394"]
[Annotator "TA"]
[PlyCount "137"]
[EventDate "2022.07.17"]
[EventType "swiss"]
[EventCountry "GRE"]
[SourceTitle "playchess.com"]
[Source "ChessBase"]
[SourceQuality "1"]
[TimeControl "40/5400+30:900+30"]

1. d4 Nf6 2. c4 e6 3. Nc3 Bb4 4. e3 O-O 5. Bd3 d5 6. Nge2 dxc4 7. Bxc4 c5 8. a3 Bxc3+ 9. bxc3 Qc7 10. Ba2 b6 {[%cal Bb7b6,Bb6b5][%mdl 32] E49: Nimzo-Indian: Rubinstein: 5 Bd3 d5 6 a3 Bxc3+ 7 bxc3.} 11. O-O Ba6 12. Bb2 {now supersedes 12.Re1.} Nc6 {The position is equal.} 13. Rc1 Rfd8 14. c4 cxd4 (14... Ng4 15. Nf4 Nf6 16. d5 $16) 15. exd4 b5 $40 {[%mdl 128] Black has some attack.} 16. d5 {Threatens to win with Bxf6.} bxc4 17. Bxf6 Rxd5 {[#]} (17... gxf6 18. Bxc4 Bxc4 19. Rxc4 Rxd5 20. Qc1 $16) 18. Qe1 $146 ({Predecessor:} 18. Qa4 Ra5 19. Qc2 gxf6 20. Bxc4 Rc5 21. Qe4 f5 22. Qh4 Bxc4 23. Rxc4 Ne7 24. Rxc5 Qxc5 {0-1 (38) Muir,A (2259)-Urh,Z (2216) Newcastle on Tyne 2021}) 18... gxf6 19. Bxc4 Bxc4 (19... Rh5 20. Ng3 Ra5 21. Bxa6 Rxa6 22. Qe2 $16) 20. Rxc4 {Qc3 is the strong threat.} Qd6 ({Black should try} 20... Qb6 $1 $15) 21. Ng3 ({White should play} 21. Nc3 $11 Rd4 22. Ne4) 21... Ne5 $15 22. Rc3 Ng6 {Black is more active.} (22... Rd8 {is interesting.} 23. Qe3 Qb6 24. Qh6 Ng4) 23. Ne4 ({Better is} 23. Qe2 $15) 23... Qe7 (23... Qe5 $17 24. Re3 Qd4) 24. Qa1 $1 {aiming for Rf3.} Re5 (24... Rd4 $5 25. Rc8+ Rxc8 26. Qxd4 e5 $15) 25. Rc4 f5 26. Ng3 Rc5 27. Nh5 $1 e5 28. Rxc5 Qxc5 29. Ng3 Nh4 30. Qc1 Qxc1 31. Re1 $2 (31. Rxc1 $15 Kg7 32. Rc5) 31... Qd1 $2 (31... Qxe1+ {mates} 32. Nf1 Rd8 33. g3 Rd2 $1 34. gxh4 Qxf2+ 35. Kh1 Qxf1#) 32. Rxd1 {[%mdl 4096] Endgame KRN-KRN} Rb8 33. Rc1 Rd8 (33... Kg7 $17 {Threatening ...Rb3.} 34. h3 f4) 34. Nh5 $11 Kf8 35. g3 Nf3+ 36. Kg2 e4 37. Rc5 Rd1 38. Rxf5 Rg1+ 39. Kh3 Rh1 40. g4 Rxh2+ 41. Kg3 {Hoping for Rxf3.} Rh1 42. Ra5 Ne1 43. Nf6 Rg1+ 44. Kf4 Nd3+ 45. Ke3 Re1+ 46. Kd2 Kg7 47. Nh5+ {[%mdl 1024] White has compensation.} Kf8 48. Nf6 Kg7 49. Nh5+ Kf8 $1 50. Ng3 h6 (50... Rg1 $11) 51. Rxa7 $14 Rg1 52. Nf5 Ke8 ({Not} 52... f6 53. Ra6 $16 (53. Nxh6 Nxf2 54. Rf7+ Ke8 $11)) 53. Nd6+ Kd8 54. Nxf7+ ({Much less strong is} 54. Nxe4 Ne5 $14) 54... Kc8 55. Nxh6 (55. Nd6+ $16 Kb8 56. Rb7+ Ka8 57. Rf7) 55... Nxf2 $11 56. Rg7 Rg3 57. a4 e3+ 58. Ke2 Ne4 {Strongly threatening ...Nc3+.} 59. Re7 {And now Re8+ would win.} Nc3+ 60. Kf1 e2+ 61. Kf2 Rh3 62. Nf5 Rh1 63. Rxe2 $2 (63. Ng3 $11 e1=R 64. Rxe1 Nd1+ 65. Ke2 Nc3+ 66. Kf2 Nd1+ 67. Ke2 Nc3+ 68. Kf2) 63... Rh2+ $19 {[%mdl 64] Zwischenzug. Black is clearly winning.} 64. Ke3 Nxe2 ({And not} 64... Rxe2+ 65. Kd3 $15) 65. g5 Kd7 66. g6 Ke6 67. g7 {[#]} Kf7 $1 68. a5 Nc1 69. Kd4 {Weighted Error Value: White=0.21 (precise) /Black=0.28 (precise)} 0-1

[Event "15th Paleochora Open 2022"]
[Site "Paleochora"]
[Date "2022.07.23"]
[Round "8.16"]
[White "Antic, Dejan"]
[Black "Pap, Misa"]
[Result "1/2-1/2"]
[WhiteElo "2452"]
[BlackElo "2375"]
[Annotator "TA"]
[PlyCount "16"]
[EventDate "2022.07.17"]
[EventType "swiss"]
[EventCountry "GRE"]
[SourceTitle "playchess.com"]
[Source "ChessBase"]
[SourceQuality "1"]
[TimeControl "40/5400+30:900+30"]

1. e4 e5 2. Nf3 Nf6 3. Nxe5 d6 4. Nf3 Nxe4 5. Qe2 Qe7 6. d3 Nf6 $1 {[#] The position is equal.} 7. Qe3 $146 {C42: Petroff Defence: 3 Nxe5 and unusual White 3rd moves.} ({Predecessor:} 7. Nc3 Qxe2+ 8. Bxe2 g6 9. Nd4 a6 10. h3 Bg7 11. Be3 Bd7 12. Bf3 Nc6 13. Nxc6 Bxc6 14. Bxc6+ bxc6 15. O-O-O Nd5 16. Nxd5 cxd5 {½-½ (88) Rapport,R (2764)-Duda,J (2750) chess24.com INT 2022}) 7... Qe6 8. Qxe6+ Be7 $2 {[%mdl 40960] An unexpected result.} (8... fxe6 $11 9. Nc3 Bd7) 1/2-1/2

[Event "15th Paleochora Open 2022"]
[Site "Paleochora"]
[Date "2022.07.23"]
[Round "8.17"]
[White "Spyropoulos, Nikolaos"]
[Black "Giannoulakis, Lampros"]
[Result "1-0"]
[ECO "C50"]
[WhiteElo "2446"]
[BlackElo "2346"]
[Annotator "TA"]
[PlyCount "105"]
[EventDate "2022.07.17"]
[EventType "swiss"]
[EventCountry "GRE"]
[SourceTitle "playchess.com"]
[Source "ChessBase"]
[SourceQuality "1"]
[TimeControl "40/5400+30:900+30"]

1. e4 e5 2. Nf3 Nc6 3. Bc4 Nf6 4. d3 Bc5 5. O-O O-O 6. h3 {C50: Hungarian Defence and Giuoco Pianissimo.} h6 7. Re1 d6 8. a4 {The position is equal.} a6 9. c3 Ba7 10. Nbd2 Ne7 (10... Nh5 {looks sharper.} 11. Nf1 Qf6 12. Be3 Bxe3 13. Nxe3 Nf4) 11. d4 Ng6 12. Bf1 Re8 13. a5 Bd7 14. b4 d5 {[#]} 15. exd5 $146 ({Predecessor:} 15. dxe5 Nxe4 16. Nxe4 dxe4 17. Rxe4 Bc6 18. Re1 Qxd1 19. Rxd1 Bxf3 20. gxf3 Rxe5 21. c4 Rae8 22. Ra3 c6 23. Rad3 {½-½ (23) Morcin,T (2291)-Jarabinsky,M (2215) LSS email 2017}) 15... e4 16. Nh2 Bf5 (16... Nxd5 $15 17. Qb3 Be6) 17. Bc4 Nf4 18. Ndf1 N4xd5 19. Ne3 Nxe3 20. Bxe3 c6 21. Bf4 Nd5 22. Bxd5 cxd5 23. Nf1 Rc8 24. Ne3 Be6 25. Rc1 Qd7 26. Qh5 f6 27. Red1 Bf7 28. Qe2 Bb8 (28... Kh7 $142) 29. Bxb8 $11 Rxb8 30. c4 dxc4 31. d5 (31. Nxc4 Qb5 32. Qf1 Qxb4 $17) 31... f5 32. Nxc4 Qb5 (32... Bxd5 $2 33. Nb6 Qf7 34. Nxd5 $18) (32... Rbd8 $11 {and Black stays safe.}) 33. Qc2 $4 (33. Qd2 $18 {and life is good for White. Threatens to win with Nd6.} Rf8 34. Ne5) 33... Rbd8 {Prevents Nd6.} (33... Bxd5 $2 34. Nd6 Qc6 35. Nxe8 Qxc2 36. Rxc2 $18) (33... Rbc8 $19 34. Rd4 Bxd5) 34. Nb6 e3 (34... Bxd5 $2 35. Nxd5 Rf8 36. Qb3 $18) (34... Qxb4 $11 35. Qc5 Qxc5 36. Rxc5 Re6) 35. fxe3 $16 {And now d6 would win.} (35. Qxf5 e2 36. Re1 Qxb4 $17) 35... Rxe3 (35... Qxb4 $142 36. Qxf5 Qxa5) 36. Qb2 ({Don't take} 36. Qxf5 Qxb4 37. Rf1 Re7 $16) ({White should try} 36. Qc7 $1 $16 Qe8 37. d6 (37. Qxb7 Re2 $11)) 36... f4 {[#]} (36... Qe8 $11) 37. d6 ({Of course not} 37. Rc7 $6 Qe8 $11) (37. Qd4 $1 $16 ) 37... Qg5 {[#] White now steadily converts the win.} (37... Bb3 $11 38. Rd2 (38. Rc7 Qg5 $17) 38... Qg5) 38. d7 $1 $18 {Rc8 is the strong threat.} Kh7 $2 (38... Bb3 {is a better defense.}) 39. Rc8 Bg6 (39... Bh5 $142 40. Rxd8 Qxd8 41. Qc2+ Bg6) 40. Qf2 Re4 41. Qc5 Qh4 {aiming for ...Re1+.} 42. Qf2 {Inhibits Re1+.} Qg5 43. h4 Qe7 44. Nd5 Qf8 (44... Rxd7 45. Nxe7 Rxd1+ 46. Kh2 Rxe7) 45. Rxd8 Qxd8 46. Qb6 Qxh4 47. d8=Q {White mates.} Re1+ 48. Rxe1 Qxe1+ 49. Kh2 Qg3+ 50. Kh1 Qe1+ 51. Qg1 Qe5 52. Ne7 Bf7 53. Qb1+ {Weighted Error Value: White=0.39/Black=0.54} 1-0

[Event "15th Paleochora Open 2022"]
[Site "Paleochora"]
[Date "2022.07.23"]
[Round "8.18"]
[White "Vlachos, Anatole"]
[Black "Simonetto, Andrea"]
[Result "1/2-1/2"]
[ECO "B12"]
[WhiteElo "2433"]
[BlackElo "2273"]
[Annotator "TA"]
[PlyCount "119"]
[EventDate "2022.07.17"]
[EventType "swiss"]
[EventCountry "GRE"]
[SourceTitle "playchess.com"]
[Source "ChessBase"]
[SourceQuality "1"]
[TimeControl "40/5400+30:900+30"]

1. e4 c6 2. d4 d5 3. e5 Bf5 4. h4 h5 5. Bd3 Bxd3 6. Qxd3 {[%cal Oe5e6] B12: Caro-Kann: Advance Variation.} Qa5+ 7. b4 Qa6 8. e6 Qxd3 9. exf7+ Kxf7 10. cxd3 {[#]} Nh6 $146 ({Predecessor:} 10... e6 11. Bd2 Nh6 12. Nf3 Bd6 13. O-O Nd7 14. Re1 Rae8 {1-0 (14) Vlachos,A (2409)-Dudognon,T (2301) Marseille 2021}) 11. Nf3 Nf5 12. O-O Nd7 13. Nbd2 e6 14. a3 ({Better is} 14. Ng5+ $11 Kg6 15. Ndf3) 14... Be7 $15 15. g3 a5 16. bxa5 Rxa5 17. Re1 Ra4 18. Nb3 Bf6 19. Bb2 b6 20. Ng5+ Bxg5 21. hxg5 g6 22. Kg2 Rc8 23. Re2 c5 24. dxc5 bxc5 {aiming for ...Rb8.} 25. Rc1 h4 26. Kf3 (26. Rec2 $15) 26... c4 27. dxc4 Rb8 ({Not} 27... Rcxc4 28. Rxc4 Rxc4 29. Na5 $15) 28. Na1 {[#]} (28. Nd4 $17 Rxb2 29. Rxb2 Nxd4+ 30. Kg2) 28... Rxc4 $2 (28... d4 $1 $19 {...hxg3 is the strong threat.} 29. g4 d3) 29. Rxc4 $11 dxc4 30. gxh4 Nxh4+ {Pair of Knights!} 31. Kf4 Rb5 32. Bc3 Nb6 33. Kg4 {The position is equal.} Nf5 34. Rb2 Rxb2 35. Bxb2 {[%mdl 4096] Endgame KBN-KNN} Ke7 36. Be5 Kd7 37. Kf4 Na4 38. Nc2 Kc6 39. Bh8 Nc5 40. Ke5 Nd3+ 41. Kxe6 {Hoping for Nd4+.} Nxf2 42. a4 Ne4 43. Bf6 Nc5+ 44. Kf7 Nh4 45. Nb4+ Kb7 46. a5 Na6 47. Nd5 Kc6 48. Nc3 Nc5 49. Bd4 Nf3 50. Be3 Nb3 51. a6 Nxg5+ $1 52. Bxg5 {Threatening mate with Be3.} Kb6 53. Kxg6 Kxa6 54. Kf5 Nd4+ 55. Ke4 Nb5 56. Nb1 Ka5 57. Be7 Ka4 58. Ke3 c3 {[#]} 59. Nxc3+ Nxc3 60. Kd4 {Weighted Error Value: White=0.10 (very precise) /Black=0.12 (very precise)} 1/2-1/2

[Event "15th Paleochora Open 2022"]
[Site "Paleochora"]
[Date "2022.07.24"]
[Round "9.1"]
[White "Ali Marandi, Cemil Can"]
[Black "Kelires, Andreas"]
[Result "1/2-1/2"]
[ECO "D02"]
[WhiteElo "2561"]
[BlackElo "2528"]
[Annotator "TA"]
[PlyCount "80"]
[EventDate "2022.07.17"]
[EventType "swiss"]
[EventCountry "GRE"]
[SourceTitle "playchess.com"]
[Source "ChessBase"]
[SourceQuality "1"]
[TimeControl "40/5400+30:900+30"]

1. d4 Nf6 2. Nf3 d5 3. c3 g6 4. Bf4 Bg7 5. e3 O-O 6. Nbd2 Bf5 {D02: 1 d4 d5 2 Nf3 sidelines, including 2...Nf6 3 g3 and 2...Nf6 3 Bf4.} 7. h3 Nbd7 8. Qb3 {[#]} Qc8 $146 (8... Nb6 $14 {feels stronger.}) ({Predecessor:} 8... b6 9. Be2 c6 10. c4 Rc8 11. Rc1 dxc4 12. Bxc4 Ne4 13. Ba6 Nxd2 14. Nxd2 Rc7 15. Bxc7 Qxc7 {1-0 (23) Liljak,M-Vrankovic,I (1751) Split 2009}) 9. g4 $1 $16 Be6 {[#]} 10. Ng5 $1 {Prevents Ne4.} c6 11. Nxe6 {White is more active.} fxe6 12. Bg2 Ne8 13. O-O Kh8 14. Bg3 e5 15. e4 e6 16. Nf3 Nd6 17. exd5 ({Resist} 17. Nxe5 $6 Bxe5 18. Bxe5+ (18. dxe5 Nxe4 19. Qa3 Nd2 $11) 18... Nxe5 19. dxe5 Nc4 $14) (17. Ng5 {seems wilder.} Re8 18. Rae1 h6 19. Nf3) 17... cxd5 {[#]} 18. Nxe5 (18. Ng5 $142 $1 Qe8 19. Rfe1) 18... Nxe5 19. dxe5 Nc4 20. Rfe1 Qc5 21. Rad1 ({But not} 21. Qxb7 Rab8 22. b4 Qxf2+ 23. Bxf2 Rxb7 $14) 21... Rf7 22. Rd4 Raf8 23. f4 Rxf4 24. Bxf4 Rxf4 25. Kh1 Rf7 26. Qa4 ({White should play} 26. Qc2 $14) 26... Qf8 (26... Nxb2 $11 27. Qb4 Qxb4 28. cxb4 Nc4) 27. Rxc4 dxc4 28. Qxc4 Qe7 29. Qc8+ Bf8 30. Rd1 b6 31. b4 Kg7 32. a3 Kh6 33. Qc6 Bg7 34. Qd6 Qg5 (34... Qxd6 $2 35. exd6 Bxc3 36. d7 $18) 35. Re1 Qh4 36. Re4 Qg5 {Inhibits Qd2.} 37. Qd4 Rf8 (37... Bf8 $11) 38. c4 {[#]} (38. Kg1 $1 $14 Rf7 39. h4 Qc1+ 40. Kh2) 38... Rf4 $1 $11 {[%mdl 64] Decoy. The position is equal.} 39. Rxf4 Bxe5 40. Qe4 Qxf4 {Weighted Error Value: White=0.12 (very precise) /Black=0.14 (very precise)} 1/2-1/2